Map: At Eternity's Edge LE

Players

Khamsin - Winner!

  • Race: Protoss Protoss

I.A. 1 (Difficile)

  • Race: Terran Terran

VOD

Have the link to the VOD?

Description

Time

  • Played on: Sept. 14, 2026, 1:47 p.m.
  • Length: 13:10
Show
View Real Time Build Order
Export as new Build Order

Khamsin Protoss - Winner!

Build Orders:  

Get SALT Encoding   

  8  0:01  Probe (Chrono Boost)  
  9  0:12  Probe (Chrono Boost)  
  10  0:18  Probe  
  11  0:30  Probe  
  12  0:43  Probe  
  12  0:49  Pylon  
  13  1:07  Probe  
  14  1:19  Probe  
  14  1:22  Gateway  
  15  1:32  Probe (Chrono Boost)  
  16  1:35  Assimilator  
  16  1:44  Probe (Chrono Boost)  
  17  1:50  Probe (Chrono Boost)  
  18  1:58  Probe  
  19  2:10  Probe  
  20  2:18  Nexus  
  20  2:22  Probe  
  21  2:44  Pylon  
  21  2:46  Probe  
  21  3:02  Probe  
  22  3:14  Probe (Chrono Boost)  
  22  3:18  Cybernetics Core  
  23  3:25  Probe (Chrono Boost)  
  24  3:30  Probe (Chrono Boost)  
  24  3:31  Probe (Chrono Boost)  
  26  3:36  Pylon  
  28  3:43  Probe (Chrono Boost)  
  28  3:46  Probe (Chrono Boost)  
  28  3:48  Probe (Chrono Boost)  
  28  3:53  Probe  
  28  3:54  Stalker  
  32  3:55  Warp Gate  
  32  3:57  Probe  
  33  4:05  Probe  
  35  4:10  Probe  
  35  4:15  Robotics Facility  
  35  4:17  Probe  
  35  4:22  Probe  
  37  4:29  Probe  
  38  4:34  Probe  
  39  4:41  Probe  
  40  4:46  Probe  
  41  4:53  Nexus  
  41  5:05  Assimilator  
  41  5:20  Probe x2  
  43  5:25  Immortal  
  47  5:32  Probe  
  47  5:34  Pylon  
  48  5:37  Pylon  
  48  5:43  Gateway, Stalker  
  48  5:44  Gateway  
  48  5:45  Gateway  
  50  5:57  Stalker  
  52  6:05  Immortal  
  52  6:10  Adept  
  58  6:22  Probe x3, Gateway  
  58  6:24  Gateway  
  61  6:31  Assimilator  
  61  6:34  Probe x3  
  64  6:44  Stalker  
  64  6:45  Stalker, Zealot  
  64  6:46  Zealot, Probe x3  
  75  6:56  Pylon  
  75  6:59  Pylon  
  75  7:13  Stalker  
  75  7:15  Zealot x2  
  77  7:16  Zealot  
  65  7:42  Stalker x2  
  65  7:43  Zealot  
  65  7:44  Zealot  
  73  7:59  Probe  
  74  8:07  Probe  
  74  8:11  Probe  
  76  8:14  Assimilator  
  76  8:18  Stalker x2  
  76  8:19  Zealot x2, Probe  
  85  8:20  Zealot  
  85  8:21  Zealot  
  85  8:23  Probe  
  90  8:31  Probe  
  90  8:32  Pylon  
  91  8:35  Probe  
  91  8:38  Pylon  
  92  8:41  Pylon  
  92  8:45  Assimilator  
  92  8:46  Stalker  
  94  8:52  Stalker x2  
  94  8:54  Immortal  
  102  9:21  Pylon  
  102  9:24  Pylon  
  102  9:33  Immortal  
  106  9:39  Gateway  
  106  9:40  Gateway  
  106  9:42  Gateway  
  106  9:43  Stalker, Zealot x2  
  106  9:44  Zealot x2  
  116  9:46  Zealot  
  118  10:01  Robotics Facility x2  
  118  10:13  Immortal, Protoss Air Weapons Level 1  
  122  10:25  Forge  
  122  10:27  Forge  
  122  10:36  Stalker x2  
  122  10:37  Zealot x3  
  122  10:38  Zealot  
  134  10:54  Pylon  
  134  10:57  Pylon  
  134  10:59  Pylon  
  134  11:01  Immortal x2  
  134  11:03  Immortal  
  132  11:10  Stalker x2  
  132  11:11  Zealot  
  132  11:13  Stalker  
  132  11:14  Zealot x2  
  132  11:15  Zealot  
  132  11:16  Zealot  
  132  11:17  Zealot  
  146  11:40  Immortal  
  146  11:41  Immortal  
  146  11:42  Immortal  
  156  12:01  Pylon  
  156  12:03  Pylon  
  156  12:07  Pylon  
  154  12:19  Immortal  
  154  12:20  Immortal  
  154  12:22  Immortal, Stalker x2  
  166  12:23  Zealot x2  
  166  12:25  Zealot  
  166  12:40  Stalker x2, Zealot  
  166  12:41  Zealot  
  172  12:55  Stalker x2, Zealot  
  172  12:56  Zealot  
  172  12:57  Zealot  
Show
View Real Time Build Order
Export as new Build Order

I.A. 1 (Difficile) Terran 

Build Orders:  

Get SALT Encoding   

  8  0:00  SCV  
  9  0:13  SCV  
  10  0:25  SCV  
  11  0:37  SCV  
  12  0:45  Supply Depot  
  12  0:49  SCV  
  13  1:07  SCV  
  13  1:09  Barracks  
  14  1:19  SCV  
  14  1:22  Refinery  
  15  1:31  SCV  
  16  1:43  SCV  
  17  1:55  SCV, Marine  
  17  1:56  Supply Depot  
  19  2:08  SCV  
  20  2:13  Marine  
  20  2:14  Barracks  
  21  2:20  Orbital Command  
  21  2:28  Refinery  
  21  2:32  Barracks Tech Lab  
  21  2:35  Factory  
  21  2:45  SCV  
  22  2:56  Supply Depot  
  22  2:57  Marine  
  23  3:07  Marine  
  24  3:17  Marine  
  25  3:26  Supply Depot  
  25  3:28  Hellion  
  27  3:37  Marine  
  28  3:47  Marine  
  29  3:57  Marine  
  29  4:01  Supply Depot  
  30  4:07  Marine  
  31  4:15  SCV  
  32  4:17  Marine  
  33  4:27  SCV  
  33  4:28  Engineering Bay, Hellion  
  36  4:38  Marauder  
  38  4:39  SCV  
  38  4:42  Supply Depot  
  39  4:49  Hellion  
  39  4:51  SCV  
  42  4:59  Marauder  
  44  5:03  SCV  
  45  5:10  Hellion  
  47  5:15  SCV  
  48  5:32  Hellion  
  50  6:41  Barracks Tech Lab  
  50  6:42  Stimpack, Marauder, Terran Infantry Weapons Level 1  
  50  6:43  Factory, Factory Tech Lab  
  50  6:45  Starport  
  52  6:49  Starport, Command Center  
  52  6:52  Supply Depot  
  52  6:54  Missile Turret  
  52  6:56  Missile Turret  
  52  6:58  Combat Shield  
  52  7:03  Reaper x2  
  54  7:15  Supply Depot  
  52  7:18  Bunker  
  52  7:22  Starport Tech Lab  
  47  7:26  Starport Tech Lab, Factory Tech Lab  
  39  7:36  Marine  
  30  7:37  Marine  
  30  7:42  Raven  
  34  7:45  Raven  
  36  7:54  Marine  
  36  7:56  Marauder  
  39  8:02  Sensor Tower  
  39  8:04  SCV  
  40  8:07  SCV  
  40  8:12  Refinery, Marine  
  42  8:16  SCV, Marine  
  42  8:17  Refinery  
  45  8:20  SCV  
  45  8:28  SCV  
  45  8:30  Marauder  
  45  8:31  Missile Turret  
  45  8:32  SCV  
  49  8:35  Marauder  
  49  8:36  Concussive Shells, Terran Infantry Armor Level 1  
  49  8:40  SCV  
  52  8:44  SCV  
  53  8:51  Missile Turret, Marine  
  53  8:52  SCV  
  55  8:56  Marine, SCV  
  57  9:04  SCV  
  57  9:06  Armory  
  57  9:08  SCV  
  57  9:09  Marine  
  60  9:14  Marine  
  60  9:17  SCV  
  62  9:20  SCV  
  62  9:23  Bunker  
  63  9:27  Marauder  
  63  9:29  SCV, Barracks  
  66  9:31  Marine  
  66  9:32  SCV  
  68  9:41  SCV  
  68  9:44  SCV  
  70  9:48  Marine  
  70  9:49  Marine  
  72  9:53  SCV  
  72  9:56  SCV  
  74  10:05  SCV  
  77  10:07  Marauder  
  77  10:17  Barracks Reactor  
  77  10:56  Siege Tank  
  80  10:58  Supply Depot  
  80  11:00  Medivac  
  80  11:01  Medivac  
  80  11:02  Siege Tank  
  75  11:06  Command Center  
  75  11:09  Marine  
  60  11:15  Marine  
  61  11:21  Marine  
  61  11:22  Supply Depot  
  62  11:27  Marauder  
  62  11:31  Raven  
  62  11:32  Marine, Raven  
  69  11:36  Marauder  
  70  11:42  Marine  
  71  11:47  Supply Depot  
  71  11:49  Hellion  
  71  11:53  Marauder  
  74  11:58  Marauder  
  58  12:05  Medivac  
  58  12:06  Viking  
  58  12:07  Marine  
  61  12:13  Marine  
  55  12:16  Command Center  
  55  12:20  Siege Tank  
  53  12:33  Marine  
  53  12:34  Viking  
Tags
 
Add a new tag
Caveats
  • Supply blocks, unpowered buildings, or Contaminate may cause inaccurate times.
  • Supply counts are checked every 10 seconds.